 Dungeon Crawl Stone Soup version 0.29-a0-271-gd4eb659eea (webtiles) character file.

Game seed: 4086485969564027165

56 pokeman the Magician (level 3, -8/20 HPs)
             Began as a Deep Elf Hedge Wizard on Mar 8, 2022.
             Mangled by Crazy Yiuf
             ... wielding a +4 quarterstaff of chaos
              (17 damage)
             ... on level 2 of the Dungeon.
             The game lasted 00:03:13 (1812 turns).

pokeman the Magician (Deep Elf Hedge Wizard)        Turns: 1812, Time: 00:03:17

Health: -8/20      AC:  2    Str:  7    XL:     3   Next: 69%
Magic:  2/11       EV: 12    Int: 20    God:
Gold:   71         SH:  0    Dex: 14    Spells: 1/12 levels left

rFire   . . .      SeeInvis .   a - +0 dagger
rCold   . . .      Faith    .   (no shield)
rNeg    . . .      Spirit   .   b - +0 robe
rPois   .          Reflect  .   c - +0 hat
rElec   .          Harm     .   (no cloak)
rCorr   .          Rampage  .   (no gloves)
Will    .....                   (no boots)
Stlth   ++........              (no amulet)
HPRegen 0.06/turn               (no ring)
MPRegen 0.12/turn               (no ring)

@: no status effects
A: no striking features
a: no special abilities


You were on level 2 of the Dungeon.
You visited 1 branch of the dungeon, and saw 2 of its levels.

You collected 71 gold pieces.

Inventory:

Hand Weapons
 a - a +0 dagger (weapon)
Armour
 b - a +0 robe (worn)
 c - a +0 hat (worn)
Scrolls
 g - 2 scrolls of fear {unknown}
 i - a scroll of identify {unknown}
Potions
 d - a potion of magic
 e - a potion of degeneration {unknown}
 f - a potion of might {unknown}
 h - a potion of curing {unknown}


   Skills:
 - Level 1.0 Fighting
 - Level 1.0 Armour
 + Level 2.4 Dodging
 - Level 2.4 Stealth
 * Level 5.3 Spellcasting
 + Level 1.9 Conjurations
 - Level 1.1 Summonings
 - Level 1.1 Translocations
 + Level 0.0 Fire Magic


You had one spell level left.
You knew the following spells:

 Your Spells              Type           Power      Damage    Failure   Level
a - Magic Dart            Conj           52%        1d5       4%          1
b - Mephitic Cloud        Conj/Pois/Air  8%         N/A       26%         3
c - Call Imp              Summ           9%         N/A       11%         2
d - Blink                 Tloc           18%        N/A       11%         2
e - Conjure Flame         Conj/Fire      9%         6-21      22%         3

Your spell library contained the following spells:

 Spells                   Type           Power      Damage    Failure   Level
 Slow                     Hex            20%        N/A       11%         1
 Confusing Touch          Hex            5%         N/A       32%         3
 Frozen Ramparts          Ice            10%        1d3       32%         3
 Vampiric Draining        Necr           5%         2d6       32%         3
 Agony                    Necr           5%         N/A       97%         5
 Metabolic Englaciation   Hex/Ice        2%         N/A       97%         5


Dungeon Overview and Level Annotations

Branches:
Dungeon (2/15)

Altars:

Shops:
D:2 *

Annotations:
D:2 Crazy Yiuf


Message History

Casting: Blink (safe; 11% risk of failure)
Confirm with . or Enter, or press ? or * to list all spells.
The spell is extremely dangerous to miscast (26% risk of failure)!
Continue anyway?
Aiming: Mephitic Cloud (extremely dangerous; 26% risk of failure)
Press: ? - help, Shift-Dir - straight line, f - Crazy Yiuf
Aim: Crazy Yiuf, wielding a +4 quarterstaff of chaos and wearing a +0 cloak (chance to affect: 86%)
The ball explodes into a vile cloud!
The stinking cloud engulfs Crazy Yiuf but does no damage.
Crazy Yiuf is engulfed in noxious fumes.
Crazy Yiuf appears confused.
Unknown command.
Unknown command.
You hit Crazy Yiuf.
Crazy Yiuf is lightly wounded.
Crazy Yiuf is engulfed in noxious fumes.
Crazy Yiuf appears confused.
Crazy Yiuf barely misses you.
You barely miss Crazy Yiuf.
Crazy Yiuf is lightly wounded.
Crazy Yiuf is engulfed in noxious fumes.
Crazy Yiuf appears confused.
Crazy Yiuf laughs.
Casting: Mephitic Cloud (extremely dangerous; 26% risk of failure)
Confirm with . or Enter, or press ? or * to list all spells.
Aiming: Magic Dart (safe; 4% risk of failure)
Press: ? - help, Shift-Dir - straight line, f/p - Crazy Yiuf
Aim: Crazy Yiuf, wielding a +4 quarterstaff of chaos and wearing a +0 cloak (noxious fumes, lightly wounded, confused, ally target, 100% to hit)
The magic dart hits Crazy Yiuf.
Crazy Yiuf is lightly wounded.
You feel stable enough to blink again.
Crazy Yiuf is engulfed in noxious fumes.
Crazy Yiuf appears confused.
You hit Crazy Yiuf.
Crazy Yiuf is moderately wounded.
You hit Crazy Yiuf but do no damage.
Crazy Yiuf is moderately wounded.
Crazy Yiuf hits you with a +4 quarterstaff of chaos!
Ouch! That really hurt!
Space warps horribly around you!
Ouch! That really hurt!
You die...

#'#
#.##.#####
♣♣5♣ #.##.#
♣.♣♣ #.##.#
♣♣.♣ #.##.#
♣.♣♣ #....#
♣♣.♣♣
#.####
♣.5.♣♣ #.#
♣....♣ #.#
##g@## #.#
#....####.#
##........#
##...#####
#####


You could see Crazy Yiuf (confused, ally target) and a friendly crimson imp
(summoned).

Vanquished Creatures
  2 adders (D:2)
  A worm (D:2)
  2 dart slugs
  2 ball pythons (D:2)
  2 endoplasms (D:1)
  2 giant cockroaches (D:2)
  3 goblins (D:1)
  3 hobgoblins (D:1)
  4 bats
  5 frilled lizards
  5 kobolds
  2 rats
33 creatures vanquished.

Notes
Turn   | Place    | Note
-------+----------+-------------------------------------------
     0 | D:1      | pokeman the Deep Elf Hedge Wizard began the quest for the
                  | Orb.
     0 | D:1      | Reached XP level 1. HP: 10/10 MP: 7/7
   331 | D:1      | Reached XP level 2. HP: 15/15 MP: 7/9
   378 | D:1      | Got the Compendium of the Frostbite and Evil
   874 | D:2      | Reached skill level 5 in Spellcasting
  1236 | D:2      | Reached XP level 3. HP: 20/20 MP: 9/11
  1240 | D:2      | Learned a level 3 spell: Mephitic Cloud
  1243 | D:2      | Learned a level 2 spell: Call Imp
  1246 | D:2      | Learned a level 2 spell: Blink
  1258 | D:2      | Learned a level 3 spell: Conjure Flame
  1493 | D:2      | Reached skill level 1 in Armour
  1542 | D:2      | Reached skill level 1 in Fighting
  1686 | D:2      | Found Lounimad's Assorted Antiques.
  1794 | D:2      | Found a runed translucent door.
  1795 | D:2      | Noticed Crazy Yiuf
  1812 | D:2      | Mangled by Crazy Yiuf

Illustrated notes

Levels and vault maps discovered:
D:1:      minmay_arrival_arboretum_small, layout_rooms
D:2:      layout_basic, serial_shops, shop, serial_park_tiny_pond,
          uniq_crazy_yiuf_cottage

Skill      XL: |  1  2  3 |
---------------+----------+-----
Spellcasting   | 5 |  5.3
Armour         | 1 |  1.0
Fighting       | 1 |  1.0
Dodging        | |  2.4
Stealth        | |  2.4
Conjurations   | |  1.9
Summonings     | |  1.1
Translocations | |  1.1

Action                   || total
-------------------------++-------
Melee: Dagger            ||    11
 Cast: Magic Dart        ||   102
       Call Imp          ||     3
       Mephitic Cloud    ||     2
       Blink             ||     1
Armor: Robe              ||     5
Dodge: Dodged            ||    17

Table legend: (Time is in decaauts)
 A = Elapsed time spent in this place.
 B = Non-inter-level travel time spent in this place.
 C = Inter-level travel time spent in this place.
 D = Time resting spent in this place.
 E = Time spent auto-exploring this place.
 F = Levels seen in this place.
 G = Mean time per level.
                   A        B        C        D        E       F      G
               +--------+--------+--------+--------+--------+-----+--------+
         Total |   1813 |   1752 |     61 |    293 |   1162 |   2 |  906.5 |
       Dungeon |   1813 |   1752 |     61 |    293 |   1162 |   2 |  906.5 |
               +--------+--------+--------+--------+--------+-----+--------+

Top non-repeatable levels by time:
     D:1: 983 daAuts
     D:2: 830 daAuts
